Map: Radhuset Station LE

Players

Subwayeatn - Winner!

  • Race: Zerg Zerg
  • League: Diamond
  • Spawn Location: 1:00

Bergkamp

  • Race: Protoss Protoss
  • League: Diamond
  • Spawn Location: 7:00

VOD

Have the link to the VOD?

Description

Time

  • Played on: Nov. 15, 2023, 11:18 a.m.
  • Length: 21:00
Show
View Real Time Build Order
Export as new Build Order

Subwayeatn Zerg - Winner!

Build Orders: Hatch First 

Get SALT Encoding   

  12  0:00  Drone  
  13  0:12  Overlord  
  13  0:19  Drone  
  14  0:30  Drone x2  
  16  0:51  Hatchery  
  15  0:57  Drone  
  15  0:58  Drone  
  15  1:01  Drone  
  18  1:08  Extractor  
  17  1:22  Spawning Pool  
  14  2:10  Zergling x2  
  14  2:11  Zergling x6  
  14  2:13  Queen  
  20  2:24  Queen  
  22  2:39  Drone x3  
  25  2:45  Overlord  
  25  2:52  Drone  
  25  2:58  Overlord  
  26  3:08  Drone x2  
  26  3:09  Drone  
  29  3:13  Drone  
  30  3:20  Metabolic Boost  
  30  3:40  Drone  
  31  3:42  Hatchery  
  30  3:50  Drone x3  
  30  3:52  Drone  
  34  4:16  Lair  
  34  4:17  Drone x6  
  34  4:21  Drone x2  
  34  4:23  Drone  
  43  4:28  Overlord  
  43  4:32  Overlord  
  43  4:37  Overlord  
  43  4:52  Spore Crawler  
  42  4:54  Spore Crawler  
  42  4:56  Spore Crawler  
  42  4:57  Queen  
  42  4:58  Spore Crawler  
  42  4:59  Spore Crawler  
  40  5:08  Queen  
  40  5:12  Spore Crawler  
  41  5:15  Spore Crawler x2  
  41  5:20  Hydralisk Den  
  38  5:21  Drone x2  
  38  5:23  Drone  
  38  5:26  Drone  
  42  5:29  Drone  
  42  5:30  Drone  
  42  5:32  Drone  
  46  5:35  Drone  
  46  5:37  Drone  
  46  5:39  Drone  
  46  5:41  Drone  
  49  5:43  Drone  
  49  5:48  Drone x2  
  49  5:49  Drone  
  53  5:51  Drone  
  53  5:53  Drone  
  53  5:54  Drone  
  56  5:57  Grooved Spines  
  56  6:03  Extractor x2, Queen  
  56  6:07  Queen  
  58  6:16  Extractor  
  57  6:18  Drone  
  57  6:21  Drone x2  
  57  6:22  Drone x2  
  57  6:23  Drone  
  57  6:25  Drone  
  64  6:29  Spore Crawler  
  64  6:30  Drone x3  
  66  6:36  Spore Crawler  
  66  6:39  Overlord  
  65  6:42  Overlord  
  65  6:43  Overlord  
  65  6:47  Muscular Augments  
  65  6:57  Overlord, Queen x3  
  71  7:09  Drone x8  
  71  7:12  Drone x2  
  71  7:13  Extractor  
  71  7:14  Drone  
  81  7:23  Drone x3  
  81  7:24  Drone  
  85  7:32  Drone x2  
  87  7:37  Drone  
  87  7:39  Evolution Chamber x2  
  87  7:42  Spore Crawler  
  85  7:49  Overlord x5  
  85  7:56  Overseer  
  85  8:05  Zerg Missile Weapons Level 1  
  85  8:06  Zerg Ground Armor Level 1  
  85  8:09  Drone  
  85  8:10  Drone  
  87  8:20  Overlord x3  
  87  8:23  Hydralisk  
  87  8:24  Hydralisk x9  
  87  8:25  Hydralisk  
  109  8:41  Hydralisk  
  109  8:42  Hydralisk x7  
  125  8:51  Hydralisk x4  
  125  8:52  Hydralisk  
  135  9:08  Overlord x2  
  135  9:09  Overlord  
  135  9:10  Hydralisk  
  135  9:11  Hydralisk x4  
  119  9:38  Infestation Pit  
  119  9:40  Zergling x8  
  119  9:41  Zergling x22  
  133  9:45  Hydralisk  
  133  9:46  Hydralisk x2  
  139  9:59  Zerg Missile Weapons Level 2  
  139  10:00  Zerg Ground Armor Level 2  
  139  10:02  Hydralisk  
  139  10:03  Hydralisk x5  
  140  10:27  Hydralisk x7  
  130  10:56  Spire  
  129  11:01  Drone x3  
  129  11:02  Extractor  
  129  11:03  Drone  
  132  11:06  Drone x12  
  132  11:11  Hatchery  
  143  11:13  Extractor  
  143  11:14  Extractor  
  141  11:32  Overseer  
  141  11:39  Drone x2  
  144  11:40  Drone x3  
  144  11:41  Drone  
  144  11:42  Drone x8  
  155  12:07  Overseer  
  155  12:11  Overlord x3  
  155  12:12  Overlord x3  
  155  12:16  Overseer  
  155  12:17  Corruptor x4  
  155  12:18  Corruptor x4, Hatchery  
  170  12:24  Zerg Flyer Weapons Level 1  
  170  12:32  Queen, Spore Crawler  
  170  12:33  Spore Crawler  
  170  12:34  Spore Crawler  
  170  12:35  Spore Crawler x2  
  167  12:41  Hive  
  167  12:42  Corruptor  
  167  12:43  Corruptor x7  
  183  12:51  Zerg Melee Weapons Level 1  
  183  12:56  Corruptor  
  185  13:01  Corruptor  
  185  13:02  Corruptor  
  189  13:13  Corruptor x2  
  189  13:17  Corruptor  
  195  13:25  Drone x3  
  195  13:26  Drone  
  199  13:32  Extractor  
  199  13:33  Extractor  
  197  13:36  Queen  
  197  13:39  Drone  
  198  14:40  Hatchery, Extractor  
  192  14:58  Corruptor  
  192  14:59  Corruptor x3  
  198  15:21  Corruptor x8  
  188  15:22  Corruptor x2  
  172  15:38  Corruptor x5  
  172  15:39  Corruptor x17  
  164  15:57  Corruptor  
  164  15:58  Corruptor x4  
  156  16:23  Corruptor x6  
  166  16:25  Zergling x2  
  166  16:26  Zergling x16  
  175  16:39  Queen  
  177  16:52  Viper x4  
  168  17:23  Corruptor x8  
  176  18:14  Corruptor x5  
  186  18:20  Greater Spire  
  186  18:25  Extractor  
  186  18:26  Corruptor x3  
  191  18:28  Zergling x18  
  167  19:28  Hatchery  
  167  19:29  Extractor  
  141  19:33  Corruptor x6  
  141  19:34  Corruptor x18  
  172  19:51  Corruptor  
  172  19:52  Corruptor x4  
  179  19:55  Zergling x32  
  179  19:56  Zergling x10  
  200  20:14  Overseer  
  200  20:16  Overseer x3  
  200  20:17  Overseer  
Show
View Real Time Build Order
Export as new Build Order

Bergkamp Protoss 

Build Orders: Carriers 

Get SALT Encoding   

  12  0:00  Probe  
  13  0:12  Probe  
  14  0:18  Pylon  
  14  0:24  Probe  
  15  0:37  Probe (Chrono Boost)  
  15  0:39  Forge  
  16  0:49  Probe (Chrono Boost)  
  17  0:55  Pylon  
  17  0:56  Probe (Chrono Boost)  
  18  1:13  Photon Cannon  
  18  1:16  Gateway  
  17  1:54  Pylon  
  16  2:09  Probe (Chrono Boost)  
  16  2:11  Assimilator  
  16  2:14  Assimilator  
  17  2:20  Cybernetics Core  
  17  2:21  Probe (Chrono Boost)  
  18  2:26  Probe (Chrono Boost)  
  19  2:35  Probe  
  20  2:48  Probe (Chrono Boost)  
  21  2:57  Nexus  
  22  2:59  Pylon, Probe (Chrono Boost)  
  22  3:05  Probe (Chrono Boost)  
  23  3:21  Probe  
  23  3:22  Photon Cannon  
  23  3:25  Stargate  
  24  3:40  Photon Cannon  
  24  3:49  Photon Cannon  
  24  3:57  Pylon, Photon Cannon  
  24  4:13  Pylon  
  28  4:19  Void Ray (Chrono Boost)  
  28  4:25  Fleet Beacon  
  28  4:39  Probe  
  29  4:51  Probe  
  30  4:56  Nexus  
  30  5:00  Pylon  
  30  5:03  Probe, Assimilator  
  31  5:15  Probe  
  31  5:17  Carrier (Chrono Boost)  
  38  5:27  Probe  
  39  5:39  Probe  
  40  5:51  Probe  
  42  6:07  Probe (Chrono Boost)  
  42  6:08  Probe (Chrono Boost)  
  43  6:18  Probe (Chrono Boost)  
  44  6:19  Nexus  
  44  6:23  Probe (Chrono Boost)  
  45  6:31  Carrier  
  51  6:34  Probe (Chrono Boost)  
  53  6:41  Probe (Chrono Boost)  
  53  6:45  Probe (Chrono Boost), Assimilator  
  54  6:50  Probe (Chrono Boost), Anion Pulse-Crystals  
  55  7:01  Probe  
  56  7:02  Photon Cannon  
  56  7:07  Stargate, Protoss Air Weapons Level 1  
  56  7:11  Pylon  
  56  7:13  Probe (Chrono Boost)  
  59  7:24  Probe (Chrono Boost)  
  59  7:25  Probe (Chrono Boost)  
  59  7:33  Probe (Chrono Boost)  
  59  7:34  Probe (Chrono Boost)  
  67  7:40  Probe (Chrono Boost)  
  67  7:43  Probe (Chrono Boost), Carrier (Chrono Boost)  
  70  7:52  Probe (Chrono Boost)  
  70  7:53  Carrier (Chrono Boost)  
  70  7:57  Probe (Chrono Boost)  
  76  8:01  Protoss Shields Level 1  
  76  8:04  Assimilator  
  77  8:06  Assimilator  
  77  8:09  Probe  
  78  8:13  Flux Vanes  
  78  8:17  Probe  
  79  8:21  Probe  
  80  8:29  Probe  
  80  8:33  Probe  
  82  8:40  Pylon  
  82  8:45  Probe (Chrono Boost)  
  83  8:54  Probe (Chrono Boost)  
  84  8:58  Carrier  
  84  8:59  Probe (Chrono Boost)  
  91  9:11  Probe  
  91  9:12  Nexus  
  91  9:14  Pylon  
  91  9:16  Protoss Air Armor Level 1  
  91  9:48  Stargate  
  91  9:49  Stargate  
  91  9:54  Stargate  
  91  9:56  Pylon  
  91  9:59  Pylon  
  91  10:01  Pylon x2  
  91  10:03  Pylon  
  91  10:04  Pylon  
  91  10:05  Pylon, Probe (Chrono Boost)  
  91  10:06  Pylon  
  92  10:13  Probe (Chrono Boost)  
  93  10:17  Pylon  
  93  10:18  Probe (Chrono Boost), Void Ray (Chrono Boost)  
  93  10:19  Pylon  
  93  10:20  Carrier (Chrono Boost)  
  109  10:30  Mothership (Chrono Boost)  
  109  10:31  Photon Cannon  
  109  10:34  Photon Cannon  
  102  10:51  Pylon  
  102  10:52  Pylon  
  102  10:54  Pylon  
  102  11:05  Nexus  
  102  11:07  Pylon, Probe (Chrono Boost)  
  102  11:09  Pylon  
  104  11:18  Probe (Chrono Boost)  
  104  11:21  Carrier  
  111  11:27  Nexus  
  111  11:28  Probe (Chrono Boost)  
  111  11:30  Pylon  
  111  11:34  Probe (Chrono Boost)  
  112  11:44  Probe  
  112  11:46  Photon Cannon  
  113  11:48  Photon Cannon  
  113  11:51  Photon Cannon  
  113  11:54  Void Ray  
  117  11:56  Probe  
  124  12:01  Carrier  
  124  12:06  Photon Cannon  
  124  12:08  Void Ray  
  128  12:09  Probe, Assimilator  
  128  12:12  Photon Cannon  
  129  12:17  Pylon  
  133  12:26  Void Ray  
  133  12:30  Probe (Chrono Boost)  
  134  12:37  Assimilator  
  134  12:40  Probe (Chrono Boost)  
  134  12:41  Probe (Chrono Boost)  
  140  12:49  Probe x2 (Chrono Boost), Void Ray  
  142  12:54  Gateway, Probe (Chrono Boost)  
  142  12:56  Probe  
  142  12:58  Twilight Council  
  144  13:01  Robotics Facility  
  144  13:05  Protoss Air Armor Level 2, Probe  
  149  13:14  Void Ray  
  150  13:20  Probe (Chrono Boost)  
  150  13:21  Probe (Chrono Boost)  
  151  13:30  Probe (Chrono Boost)  
  151  13:31  Probe (Chrono Boost)  
  165  13:36  Void Ray x3, Protoss Shields Level 2  
  165  13:37  Probe (Chrono Boost)  
  165  13:38  Probe (Chrono Boost)  
  167  13:43  Cybernetics Core, Probe  
  167  13:47  Probe  
  169  13:52  Observer  
  178  13:56  Probe (Chrono Boost), Void Ray  
  178  13:57  Void Ray  
  180  14:05  Probe (Chrono Boost)  
  180  14:07  Probe (Chrono Boost)  
  181  14:12  Probe (Chrono Boost)  
  194  14:20  Void Ray x3  
  194  14:22  Probe  
  195  14:29  Stargate  
  195  14:30  Stargate  
  195  14:34  Probe  
  196  14:39  Nexus  
  196  14:43  Photon Cannon  
  192  14:46  Probe, Photon Cannon  
  192  14:48  Photon Cannon  
  192  14:50  Photon Cannon  
  185  14:56  Photon Cannon  
  185  15:04  Probe  
  198  15:07  Void Ray x2  
  198  15:08  Void Ray  
  195  15:16  Probe  
  167  15:31  Void Ray x2  
  140  15:50  Void Ray x2  
  140  15:51  Void Ray  
  136  16:14  Void Ray x2  
  114  16:25  Void Ray x2  
  114  16:26  Probe (Chrono Boost)  
  127  16:33  Void Ray x2  
  127  16:34  Void Ray  
  127  16:36  Probe (Chrono Boost)  
  127  16:38  Pylon  
  128  16:44  Probe (Chrono Boost)  
  135  16:52  Mothership (Chrono Boost)  
  144  16:57  Probe (Chrono Boost), Void Ray x2  
  144  17:05  Probe  
  121  17:24  Void Ray  
  121  17:25  Void Ray x2 (Chrono Boost)  
  117  17:45  Photon Cannon  
  117  17:46  Photon Cannon  
  117  17:47  Void Ray x2 (Chrono Boost)  
  117  17:48  Photon Cannon  
  117  17:49  Pylon  
  117  18:05  Void Ray (Chrono Boost)  
  125  18:11  Void Ray (Chrono Boost)  
  125  18:24  Assimilator  
  125  18:26  Assimilator  
  125  18:28  Pylon  
  141  18:45  Void Ray x3  
  139  19:29  Void Ray x3  
  123  19:54  Nexus  
  127  20:04  Void Ray  
  131  20:07  Pylon  
  131  20:10  Pylon  
  131  20:12  Void Ray  
  135  20:15  Nexus  
  135  20:16  Void Ray  
  135  20:25  Photon Cannon  
  135  20:27  Photon Cannon  
  135  20:29  Photon Cannon  
  135  20:30  Photon Cannon  
Tags
 
Add a new tag
Caveats
  • Supply blocks, unpowered buildings, or Contaminate may cause inaccurate times.
  • Supply counts are checked every 10 seconds.